 Dungeon Crawl Stone Soup version 0.29.1-2-gbd0b4ee654 (webtiles) character file.

Game seed: 3513247589292450594

313 Icepheonix32 the Changer (level 5, -2/39 HPs)
             Began as a Demigod Transmuter on Nov 4, 2022.
             Slain by a gnoll
             ... wielding a +0 flail
             ... led by a gnoll bouda
              (11 damage)
             ... on level 3 of the Dungeon.
             The game lasted 00:06:22 (4598 turns).

Icepheonix32 the Changer (Demigod Transmuter)       Turns: 4598, Time: 00:06:23

Health: -2/39      AC:  5    Str: 11    XL:     5   Next: 98%
Magic:  10/10      EV: 12    Int: 19    God:
Gold:   213        SH:  0    Dex: 14    Spells: 1/7 levels left

rFire   . . .      SeeInvis +     - Unarmed
rCold   . . .      Faith    .   (no shield)
rNeg    . . .      Spirit   .   a - +0 robe
rPois   .          Reflect  .   (helmet currently unavailable)
rElec   .          Harm     .   g - +2 cloak
rCorr   .          Rampage  .   (no gloves)
Will    .....                   (boots currently unavailable)
Stlth   +.........              (no amulet)
HPRegen 0.13/turn               i - ring of see invisible
MPRegen 0.12/turn               (no ring)

@: appendages
A: horns 2, high MP 1, forlorn, divine attributes, talons 1, mutation resistance
1
a: End Transformation


You were on level 3 of the Dungeon.
You had temporarily grown beastly horns.
You visited 1 branch of the dungeon, and saw 4 of its levels.

You collected 213 gold pieces.

Inventory:

Hand Weapons
 b - a +2 dagger of holy wrath
 f - a +4 vampiric short sword
 k - a +7 hand axe
Missiles
 p - 11 boomerangs
Armour
 a - a +0 robe (worn)
 g - a +2 cloak (worn)
 n - a +0 helmet
 t - the +3 leather armour of Upry {Harm Stlth+}
   (You took it off an orc on level 3 of the Dungeon)

   Harm:      It increases damage dealt and taken.
   Stlth:     It makes you more stealthy.
 u - a +1 hat (melded)
Jewellery
 i - a ring of see invisible (left hand)
Wands
 r - a wand of charming (7)
Scrolls
 c - 2 scrolls of immolation
 e - 2 scrolls of fear
 h - a scroll of teleportation
 o - 2 scrolls of magic mapping
 q - a scroll of enchant armour
Potions
 d - a potion of curing
 j - a potion of mutation
 m - a potion of haste
 s - a potion of cancellation


   Skills:
 - Level 0.8 Fighting
 - Level 2.1 Dodging
 - Level 3.4 Unarmed Combat
 - Level 1.7 Spellcasting
 * Level 4.7 Transmutations
 * Level 2.3 Poison Magic


You had one spell level left.
You knew the following spells:

 Your Spells              Type           Power      Damage    Failure   Level
a - Beastly Appendage     Tmut           38%        N/A       2%          1
b - Spider Form           Tmut/Pois      15%        N/A       12%         3
c - Wereblood             Tmut           19%        N/A       3%          2

Your spell library contained the following spells:

 Spells                   Type           Power      Damage    Failure   Level
 Static Discharge         Conj/Air       1%         3-4/arc   26%         2
 Ice Form                 Ice/Tmut       10%        N/A       54%         4
 Orb of Destruction       Conj           0%         9d5       100%        7
 Lehudib's Crystal Spear  Conj/Erth      0%         10d2      100%        8


Dungeon Overview and Level Annotations

Branches:
Dungeon (4/15)
 Temple: D:4-7


Innate Abilities, Weirdness & Mutations

You have temporarily grown beastly horns.
You have an increased reservoir of magic. (+10% MP)
You shall have no god before yourself.
Your divine heritage dramatically boosts your attributes as you level up.
You have sharp toenails.
You are somewhat resistant to further mutation.


Message History

It was a scroll of immolation.
Unknown command.
(D) Dungeon
Where to? (Enter - D:3 @ (x,y), ? - help)
There is an open translucent gate here.
There is a stone staircase leading up here.
There is a stone staircase leading down here.
Things that are here:
a +0 whip; a +0 leather armour You climb downwards.
The gnoll closely misses you.
There is a stone staircase leading up here.
There are monsters nearby!
You grow a pair of large bovine horns.
Your +1 hat melds into your body.
The gnoll misses you.
You barely miss the gnoll. Your kick misses the gnoll. You headbutt the gnoll.
The gnoll is heavily wounded.
The gnoll hits you with a +0 flail. The gnoll hits you with a +0 spear.
You hit the gnoll but do no damage. You claw the gnoll, but do no damage.
The gnoll hits you with a +0 flail. The gnoll barely misses you.
The gnoll attacks as you move away! The gnoll closely misses you.
The gnoll hits you with a +0 spear.
There is a stone staircase leading up here.
The gnoll barely misses you. The gnoll hits you with a +0 spear.
You climb upwards.
There is a stone staircase leading down here.
Things that are here:
a +0 leather armour; a +0 whip You completely miss the gnoll.
You claw the gnoll, but do no damage. Your headbutt misses the gnoll.
The gnoll is heavily wounded.
The gnoll hits you with a +0 flail! The gnoll hits you with a +0 spear.
* * * LOW HITPOINT WARNING * * *
You closely miss the gnoll.
The gnoll is heavily wounded.
The gnoll closely misses you. The gnoll hits you with a +0 spear.
* * * LOW HITPOINT WARNING * * *
You hit the gnoll. You claw the gnoll, but do no damage.
The gnoll is moderately wounded.
The gnoll hits you with a +0 flail!
You die...

......# #...#.### #### ......#
#...#.# #8.. ####### #...#.######
#... ###...#.#....# #.#8
#.+...'.#....# #.##
#.#...###....# #...
#.#...###....# #...
#.#..........##########
###########.####@g....##.....8...
....†..<.....###g)....##.........
....†.................##.........
.............##.......##.........
######.......##.......##..<...###
#.......##.......##.######
##########.......##.#
#.......##.# #.......##.#


You could see 2 gnolls.

Vanquished Creatures
  The ghost of angelusfrater the Covered, an amateur HOFi (D:3)
  A gnoll bouda (D:3)
  Ijyb (D:3)
  2 orc wizards (D:3)
  2 gnolls
  3 adders
  2 worms (D:3)
  A dart slug (D:2)
  8 orcs (D:3)
  6 endoplasms
  2 giant cockroaches
  4 goblins
  5 hobgoblins
  3 jackals (D:3)
  5 kobolds
  2 quokkas (D:2)
  8 ball pythons
  4 bats
  3 frilled lizards
  4 rats
67 creatures vanquished.

Vanquished Creatures (others)
  5 fungi (D:1)
  A plant (D:1)
6 creatures vanquished.

Grand Total: 73 creatures vanquished

Notes
Turn   | Place    | Note
-------+----------+-------------------------------------------
     0 | D:1      | Icepheonix32 the Demigod Transmuter began the quest for the
                  | Orb.
     0 | D:1      | Reached XP level 1. HP: 15/15 MP: 5/5
   504 | D:1      | Reached skill level 2 in Transmutations
   564 | D:1      | Reached XP level 2. HP: 9/22 MP: 5/7
  1341 | D:1      | Reached XP level 3. HP: 20/27 MP: 6/8
  1637 | D:1      | Learned a level 3 spell: Spider Form
  2435 | D:2      | Got the Secrets of Arcane Weapons
  2687 | D:3      | Reached skill level 1 in Poison Magic
  2715 | D:3      | Reached skill level 3 in Transmutations
  2715 | D:3      | Reached XP level 4. HP: 19/34 MP: 7/9
  3045 | D:3      | Gained mutation: You have claws for feet. [potion of
                  | mutation]
  3045 | D:3      | Gained mutation: You are somewhat resistant to further
                  | mutation. [potion of mutation]
  3524 | D:3      | Found a runed translucent gate.
  3524 | D:3      | Found a runed translucent gate.
  3525 | D:3      | Noticed angelusfrater's ghost (amateur HOFi)
  3526 | D:3      | Found a runed translucent gate.
  3526 | D:3      | Identified the +3 leather armour of Upry {Harm Stlth+}
  3563 | D:3      | Noticed Ijyb
  3577 | D:3      | Killed Ijyb
  3650 | D:3      | Reached XP level 5. HP: 39/39 MP: 8/10
  4116 | D:3      | Reached skill level 4 in Transmutations
  4260 | D:3      | Learned a level 2 spell: Wereblood
  4292 | D:3      | Killed angelusfrater's ghost
  4598 | D:3      | Slain by a gnoll

Illustrated notes

Levels and vault maps discovered:
D:1:      dpeg_arrival_castle, layout_loops_corners,
          shapermc_ecumenical_altar_gd, minmay_heptomino_w4
D:2:      layout_rooms, minmay_3d_cube
D:3:      layout_basic, mainiacjoe_overflow_tiny_flanked,
          biasface_ghost_orc_armoury, uniq_ijyb
D:4:      layout_rooms, minmay_pentomino_pile

Skill      XL: |  1  2  3  4  5 |
---------------+----------------+-----
Unarmed Combat | 3 |  3.4
Transmutations | 2 3 4 |  4.7
Dodging        | 2 |  2.1
Poison Magic   | 1 2 |  2.3
Fighting       | |  0.8
Spellcasting   | |  1.7

Action                   |  1- 3 |  4- 6 || total
-------------------------+-------+-------++-------
Melee: Unarmed           |   162 |    98 ||   260
       Kick              |    19 |    20 ||    39
       Headbutt          |    12 |    11 ||    23
       Punch             |     4 |     3 ||     7
Throw: Boomerang         |       |     1 ||     1
 Cast: Beastly Appendage |    21 |     8 ||    29
       Spider Form       |       |     2 ||     2
       Wereblood         |       |     1 ||     1
  Use: Potion            |     1 |     6 ||     7
       Scroll            |       |     7 ||     7
 Stab: Sleeping          |     1 |       ||     1
Armor: Robe              |    41 |    27 ||    68
       Skin              |    12 |     4 ||    16
Dodge: Dodged            |    75 |    57 ||   132
